 Dungeon Crawl Stone Soup version 0.22.1-6-g1668fe2 (webtiles) character file.

92 doot the Conjurer (level 4, -5/24 HPs)
             Began as a Tengu Conjurer on Jan 23, 2019.
             Was an Initiate of Vehumet.
             Slain by an orc wizard
             ... wielding a +1 dagger of distortion
              (20 damage)
             ... on level 3 of the Dungeon.
             The game lasted 00:03:30 (1213 turns).

doot the Conjurer (Tengu Conjurer)                  Turns: 1213, Time: 00:03:33

Health: -5/24      AC:  3    Str:  8    XL:     4   Next: 60%
Magic:  4/8        EV: 12    Int: 16    God:    Vehumet [......]
Gold:   76         SH:  0    Dex: 15    Spells: 0/7 levels left

rFire    . . .     SeeInvis .   m - +0 hand axe (chop)
rCold    . . .     Gourm    .   (no shield)
rNeg     . . .     Faith    .   k - +0 leather armour
rPois    .         Spirit   .   (helmet restricted)
rElec    .         Reflect  .   (no cloak)
rCorr    .         Harm     .   (no gloves)
MR       .....                  (boots unavailable)
Stlth    ++........             (no amulet)
HPRegen  0.08/turn              (no ring)
MPRegen  0.11/turn              (no ring)

@: lethally poisoned (-5 -> -12)
A: beak, talons 3
a: Renounce Religion


You were on level 3 of the Dungeon.
You worshipped Vehumet.
Vehumet was noncommittal.
You were hungry.

You visited 1 branch of the dungeon, and saw 3 of its levels.

You collected 76 gold pieces.

Inventory:

Hand Weapons
 e - a +0 mace
 m - a +0 hand axe of chopping (weapon)
Armour
 a - a +0 robe
 k - a +0 leather armour (worn)
Scrolls
 f - a scroll of blinking {unknown}
 h - 4 scrolls of identify {unknown}
 j - a scroll of remove curse {unknown}
Potions
 b - 2 potions of curing {unknown}
 d - a potion of invisibility {unknown}
 g - 2 potions of heal wounds {unknown}
 i - a potion of mutation {unknown}
Comestibles
 c - 3 rations


   Skills:
 + Level 0.1 Armour
 + Level 2.4 Dodging
 + Level 2.4 Stealth
 + Level 2.4 Spellcasting
 + Level 7.1 Conjurations


You couldn't memorise any spells.
You knew the following spells:

 Your Spells              Type           Power        Failure   Level  Hunger
a - Magic Dart            Conj           ###.         1%          1    #......
b - Searing Ray           Conj           ###...       2%          2    ###....
c - Fulminant Prism       Conj/Hex       ##........   54%         4    #####..

Your spell library contained the following spells:

 Spells                   Type           Power        Failure   Level  Hunger
 Iskenderun's Mystic Bla  Conj           ###.....     16%         4    #####..
 Dazzling Spray           Conj/Hex       ##....       21%         3    ###....
 Force Lance              Conj/Tloc      ##......     54%         4    #####..


Dungeon Overview and Level Annotations

Branches:
Dungeon (3/15)

Altars:
Hepliaklqana
Trog
Vehumet

Annotations:
D:2 Sigmund


Innate Abilities, Weirdness & Mutations

You have a beak for a mouth.
You have claws for feet.


Message History

Confirm with . or Enter, or press ? or * to list all spells.
Aiming: Searing Ray (safe; 2% risk of failure)
Press: ? - help, Shift-Dir - straight line, f - adder
Aim: an adder The searing ray hits the adder.
The adder is moderately wounded. (Press . to maintain the ray.)
The adder bites you.
The searing ray misses the adder.
The orc wizard casts a spell.
The orc wizard blinks!
The adder bites you.
You are poisoned.
The adder poisons you!
The searing ray misses the adder.
You feel sick. The adder closely misses you.
The orc wizard points at you and mumbles some strange words.
You resist with some effort. The adder barely misses you.
The orc wizard hits you but does no damage.
Space warps horribly around you!
Ouch! That really hurt!
You die...

###### #....##
##8## #.....#
#8...8##.....#
#.....##.....#####
_....._#......)).#
#.....##...#####.#
#8...8###### #.#
#S## #@.## ##o..##
##.....##
####.......#
..........##
.##.ยง....##
........##
.##...#.# #.....#


You could see an orc wizard and an adder.

Vanquished Creatures
  An orc priest (D:3)
  An orc wizard (D:3)
  An adder (D:3)
  A leopard gecko (D:2)
  4 orcs (D:3)
  A giant cockroach (D:3)
  3 goblins
  2 hobgoblins
  A quokka (D:3)
  A frilled lizard (D:3)
  3 kobolds (D:2)
  3 rats
22 creatures vanquished.

Notes
Turn   | Place    | Note
-------+----------+-------------------------------------------
     0 | D:1      | doot the Tengu Conjurer began the quest for the Orb.
     0 | D:1      | Reached XP level 1. HP: 10/10 MP: 4/4
   176 | D:2      | Reached XP level 2. HP: 15/15 MP: 0/6
   274 | D:2      | Noticed Sigmund
   279 | D:2      | Learned a level 2 spell: Searing Ray
   306 | D:3      | Reached skill level 6 in Conjurations
   708 | D:3      | Found a radiant altar of Vehumet.
   716 | D:3      | Became a worshipper of Vehumet
   747 | D:3      | Reached XP level 3. HP: 19/19 MP: 4/7
   827 | D:3      | Reached XP level 4. HP: 24/24 MP: 2/8
   955 | D:3      | Found a hazy altar of Hepliaklqana.
   960 | D:3      | Found a bloodstained altar of Trog.
  1147 | D:3      | Learned a level 4 spell: Fulminant Prism
  1151 | D:3      | Reached skill level 7 in Conjurations
  1213 | D:3      | Slain by an orc wizard

Skill      XL: |  1  2  3  4 |
---------------+-------------+-----
Conjurations   | 6 7 |  7.1
Armour         | |  0.1
Dodging        | |  2.4
Stealth        | |  2.4
Spellcasting   | |  2.4

Action                   |  1- 3 |  4- 6 || total
-------------------------+-------+-------++-------
Melee: Mace              |     8 |     3 ||    11
       Kick              |     2 |       ||     2
       Peck              |     1 |       ||     1
       Hand axe          |       |     2 ||     2
 Cast: Magic Dart        |    25 |    14 ||    39
       Searing Ray       |     3 |     2 ||     5
 Stab: Sleeping          |     1 |       ||     1
  Eat: Chunk             |       |     1 ||     1
Dodge: Dodged            |     6 |     5 ||    11
